 Dungeon Crawl Stone Soup version 0.23.0-3-gf3c87f2 (webtiles) character file.

Game seed: 12660028320567149623

492 vishdafish the Charmwright (level 7, -10/56 HPs)
             Began as a Gnoll Skald on Feb 19, 2019.
             Was an Initiate of Gozag.
             Mangled by a two-headed ogre
             ... wielding a +0 giant club
              (18 damage)
             ... on level 5 of the Dungeon.
             The game lasted 00:07:15 (4008 turns).

vishdafish the Charmwright (Gnoll Skald)            Turns: 4008, Time: 00:07:16

Health: -10/56     AC:  5    Str: 14    XL:     7   Next: 14%
Magic:  11/15      EV: 14    Int: 17    God:    Gozag
Gold:   199        SH:  0    Dex: 14    Spells: 12/17 levels left

rFire    + . .     SeeInvis +   o - +0 scimitar
rCold    + . .     Gourm    .   (no shield)
rNeg     . . .     Faith    .   n - +2 robe {rC+ rF+}
rPois    .         Spirit   .   (no helmet)
rElec    .         Reflect  .   h - +0 cloak
rCorr    .         Harm     .   (no gloves)
MR       .....                  (no boots)
Stlth    +++.......             (no amulet)
HPRegen  0.18/turn              q - ring of see invisible
MPRegen  0.14/turn              p - ring of stealth

@: infused, drained
A: distributed training, fangs 1, strong nose
a: Potion Petition, Call Merchant, Bribe Branch, Renounce Religion


You were on level 5 of the Dungeon.
You worshipped Gozag.
Gozag was aware of your devotion.
You were not hungry.

You visited 1 branch of the dungeon, and saw 5 of its levels.

You collected 273 gold pieces.
You paid 74 gold pieces to Gozag.

Inventory:

Hand Weapons
 a - a +0 falchion
 o - a +0 scimitar (weapon)
 w - a +0 trident
Missiles
 s - 6 tomahawks (quivered)
Armour
 b - a +0 leather armour
 h - a +0 cloak (worn)
 n - a +2 robe of resistance (worn)
 r - a +0 ring mail
Jewellery
 m - an uncursed ring of ice
 p - a ring of stealth (right hand)
 q - a ring of see invisible (left hand)
Scrolls
 c - 2 scrolls of magic mapping {unknown}
 f - 4 scrolls of teleportation {unknown}
 g - a scroll of amnesia {unknown}
 i - a scroll of immolation {unknown}
 j - 3 scrolls of identify {unknown}
 k - 3 scrolls of remove curse {unknown}
 t - 2 scrolls of enchant armour {unknown}
Potions
 e - 3 potions of mutation {unknown}
 l - a potion of might {unknown}
 u - a potion of invisibility {unknown}
 v - a potion of agility {unknown}
 x - a potion of haste {unknown}
 z - a potion of ambrosia {unknown}
 A - a potion of berserk rage {unknown}
 B - a potion of degeneration {unknown}
Comestibles
 d - 16 rations


   Skills:
 + Level 5.1(4.3) Fighting
 + Level 2.2(1.5) Short Blades
 + Level 5.1(4.3) Long Blades
 + Level 2.2(1.5) Axes
 + Level 2.2(1.5) Maces & Flails
 + Level 2.2(1.5) Polearms
 + Level 2.2(1.5) Staves
 + Level 2.2(1.5) Slings
 + Level 2.2(1.5) Bows
 + Level 2.2(1.5) Crossbows
 + Level 2.2(1.5) Throwing
 + Level 3.4(2.7) Armour
 + Level 5.1(4.3) Dodging
 + Level 2.2(1.5) Stealth
 + Level 2.2(1.5) Shields
 + Level 2.2(1.5) Unarmed Combat
 + Level 5.5(4.7) Spellcasting
 + Level 1.8(1.1) Conjurations
 + Level 1.8(1.1) Hexes
 + Level 5.7(5.0) Charms
 + Level 1.8(1.1) Summonings
 + Level 1.8(1.1) Necromancy
 + Level 1.8(1.1) Translocations
 + Level 1.8(1.1) Transmutations
 + Level 1.8(1.1) Fire Magic
 + Level 1.8(1.1) Ice Magic
 + Level 1.8(1.1) Air Magic
 + Level 1.8(1.1) Earth Magic
 + Level 1.8(1.1) Poison Magic
 + Level 2.5(1.8) Invocations
 + Level 2.2(1.5) Evocations


You had 12 spell levels left.
You knew the following spells:

 Your Spells              Type           Power        Failure   Level  Hunger
a - Infusion              Chrm           ###.         1%          1    None
b - Song of Slaying       Chrm           ###.....     2%          2    #......
c - Shroud of Golubria    Chrm/Tloc      ##........   6%          2    #......

Your spell library contained the following spells:

 Spells                   Type           Power        Failure   Level  Hunger
 Regeneration             Chrm/Necr      ##........   12%         3    ###....
 Spectral Weapon          Hex/Chrm       ##......     12%         3    ###....


Dungeon Overview and Level Annotations

Branches:
Dungeon (5/15)
 Temple: D:4-7

Altars:
Gozag
Okawaru
Ru
Trog

Annotations:
D:5 1 transporter, Uhlv's ghost, novice MfWn


Innate Abilities, Weirdness & Mutations

Your experience applies equally to all skills.
You have very sharp teeth.
Your uncanny sense of smell can sniff out nearby items.


Message History

The worker ant twitches its antennae in your direction.
The two-headed ogre hits you with a +0 giant club!
The two-headed ogre barely misses you.
You hit the two-headed ogre.
The two-headed ogre is moderately wounded.
The two-headed ogre hits you with a +0 giant club!
The two-headed ogre hits you with a cursed -2 giant spiked club!
You slash the two-headed ogre!
The two-headed ogre is heavily wounded.
The two-headed ogre closely misses you. x2
You barely miss the two-headed ogre.
The two-headed ogre is heavily wounded.
The two-headed ogre barely misses you.
The two-headed ogre hits you with a cursed -2 giant spiked club!
* * * LOW HITPOINT WARNING * * *
You hit the two-headed ogre!
The two-headed ogre is severely wounded.
The two-headed ogre hits you with a +0 giant club!!
You die...
Your body crumbles into a pile of gold.

#..######(..........
#....#########......
######....<...#
#.#.###
#.............#
#.#..
#.#<..........#
#.....
#.....#.#..####
#####.#
#####.#.##.##
#...#...#####
#.@O(.©.....#
#..#########..
#.##8W....8##.
#.#ocZ......#.
#.#a##...##.#.
#.#.##...# #.
#.#...a©... .
#.#.##...##


You could see a two-headed ogre, a centaur, a worker ant, an orc priest, Uhlv's
ghost and a bullfrog skeleton.

Vanquished Creatures
  An ogre (D:4)
  A howler monkey (D:4)
  2 hounds (D:4)
  An orc priest (D:4)
  Jessica (D:2)
  8 adders
  4 gnolls (D:4)
  An ooze (D:4)
  2 worms (D:2)
  2 dart slugs (D:3)
  2 leopard geckos
  10 orcs
  2 giant cockroaches (D:1)
  10 hobgoblins
  6 jackals
  10 kobolds
  5 quokkas
  2 ball pythons
  10 bats
  2 frilled lizards
  26 goblins
  9 rats
117 creatures vanquished.

Notes
Turn   | Place    | Note
-------+----------+-------------------------------------------
     0 | D:1      | vishdafish the Gnoll Skald began the quest for the Orb.
     0 | D:1      | Reached XP level 1. HP: 20/20 MP: 6/6
   210 | D:1      | Reached XP level 2. HP: 26/26 MP: 7/7
   333 | D:1      | Learned a level 2 spell: Song of Slaying
   339 | D:1      | Learned a level 2 spell: Shroud of Golubria
   928 | D:2      | Reached skill level 5 in Spellcasting
   928 | D:2      | Reached XP level 3. HP: 17/31 MP: 7/9
  1167 | D:2      | Reached skill level 1 in Invocations
  1331 | D:2      | Reached skill level 1 in Short Blades
  1331 | D:2      | Reached skill level 1 in Axes
  1331 | D:2      | Reached skill level 1 in Maces & Flails
  1331 | D:2      | Reached skill level 1 in Polearms
  1331 | D:2      | Reached skill level 1 in Staves
  1331 | D:2      | Reached skill level 1 in Slings
  1331 | D:2      | Reached skill level 1 in Bows
  1331 | D:2      | Reached skill level 1 in Crossbows
  1331 | D:2      | Reached skill level 1 in Throwing
  1331 | D:2      | Reached skill level 1 in Stealth
  1331 | D:2      | Reached skill level 1 in Shields
  1331 | D:2      | Reached skill level 1 in Unarmed Combat
  1331 | D:2      | Reached skill level 1 in Evocations
  1385 | D:2      | Reached XP level 4. HP: 27/38 MP: 11/11
  1767 | D:2      | Found an iron altar of Okawaru.
  1884 | D:2      | Noticed Jessica
  1887 | D:2      | Killed Jessica
  1887 | D:2      | Reached skill level 1 in Conjurations
  1887 | D:2      | Reached skill level 1 in Hexes
  1887 | D:2      | Reached skill level 1 in Summonings
  1887 | D:2      | Reached skill level 1 in Necromancy
  1887 | D:2      | Reached skill level 1 in Translocations
  1887 | D:2      | Reached skill level 1 in Transmutations
  1887 | D:2      | Reached skill level 1 in Fire Magic
  1887 | D:2      | Reached skill level 1 in Ice Magic
  1887 | D:2      | Reached skill level 1 in Air Magic
  1887 | D:2      | Reached skill level 1 in Earth Magic
  1887 | D:2      | Reached skill level 1 in Poison Magic
  2084 | D:3      | Reached XP level 5. HP: 42/43 MP: 12/12
  2286 | D:3      | Found an opulent altar of Gozag.
  2834 | D:4      | Reached XP level 6. HP: 31/50 MP: 13/13
  3218 | D:4      | Reached skill level 5 in Fighting
  3218 | D:4      | Reached skill level 5 in Long Blades
  3218 | D:4      | Reached skill level 5 in Dodging
  3485 | D:4      | Reached XP level 7. HP: 40/56 MP: 13/15
  3567 | D:4      | Found a sacrificial altar of Ru.
  3637 | D:3      | Became a worshipper of Gozag Ym Sagoz the Greedy
  3963 | D:5      | Entered Level 5 of the Dungeon
  3968 | D:5      | Found a bloodstained altar of Trog.
  3996 | D:5      | Noticed Uhlv's ghost (novice MfWn)
  3997 | D:5      | Found a transporter.
  3997 | D:5      | Noticed a two-headed ogre
  4008 | D:5      | Mangled by a two-headed ogre

Skill      XL: |  1  2  3  4  5  6 |
---------------+-------------------+-----
Spellcasting   | 5 |  5.5
Invocations    | 1 2 |  2.5
Short Blades   | 1 2 |  2.2
Axes           | 1 2 |  2.2
Maces & Flails | 1 2 |  2.2
Polearms       | 1 2 |  2.2
Staves         | 1 2 |  2.2
Slings         | 1 2 |  2.2
Bows           | 1 2 |  2.2
Crossbows      | 1 2 |  2.2
Throwing       | 1 2 |  2.2
Stealth        | 1 2 |  2.2
Shields        | 1 2 |  2.2
Unarmed Combat | 1 2 |  2.2
Evocations     | 1 2 |  2.2
Conjurations   | 1 |  1.8
Hexes          | 1 |  1.8
Summonings     | 1 |  1.8
Necromancy     | 1 |  1.8
Translocations | 1 |  1.8
Transmutations | 1 |  1.8
Fire Magic     | 1 |  1.8
Ice Magic      | 1 |  1.8
Air Magic      | 1 |  1.8
Earth Magic    | 1 |  1.8
Poison Magic   | 1 |  1.8
Armour         | 3 |  3.4
Fighting       | 5 |  5.1
Long Blades    | 5 |  5.1
Dodging        | 5 |  5.1
Charms         | |  5.7

Action                   |  1- 3 |  4- 6 |  7- 9 || total
-------------------------+-------+-------+-------++-------
Melee: Falchion          |    88 |    13 |       ||   101
       Bite              |     4 |    15 |     4 ||    23
       Scimitar          |       |   183 |    21 ||   204
Throw: Tomahawk          |     3 |     4 |     1 ||     8
 Cast: Infusion          |     1 |     2 |     1 ||     4
       Song of Slaying   |       |     8 |     1 ||     9
       Shroud of Golubri |       |     1 |       ||     1
 Stab: Sleeping          |       |     9 |     1 ||    10
  Eat: Chunk             |     1 |     4 |       ||     5
       Ration            |       |     1 |     1 ||     2
Armor: Leather armour    |    21 |     3 |       ||    24
       Robe              |       |    35 |     7 ||    42
       Ring mail         |       |     3 |       ||     3
Dodge: Dodged            |    78 |   170 |    21 ||   269
       Rpst.: Falchion   |    30 |     2 |       ||    32
       Scimitar          |       |    43 |     7 ||    50
